Match 46044291
Unlisted

Match 46044291
End
Scout Squad
Construct Weapon Support Center
Scout Squad
Selects Advanced Infantry Battlegroup
M1919 Machine Gun Team
Scout Squad
M1919 Machine Gun Team
Infantry Support Center
Selects Artillery Observers
M3 Armored Personnel Carrier
Selects Artillery Observers
Construct Medical Station
Bazooka Squad
Engineer Squad
M3 Armored Personnel Carrier
Selects Convert to Ranger Squad
Selects Designate Assault Position
Selects Infantry Assault
Infantry Assault
Bazooka Squad
Improved M9 Bazooka Rockets
M1919 Machine Gun Team
Infantry Assault
M1919 Machine Gun Team
Bazooka Squad
Barbarossa
Rei
0
0

Comments sign in to comment!

No comments posted yet!